 Dungeon Crawl Stone Soup version 0.26-a0-598-g61e6210cf4 (webtiles) character file.

Game seed: 7380440521684794957

18722 Gargoyl the Fighter (level 12, -2/97 HPs)
             Began as a Gnoll Abyssal Knight on Aug 28, 2020.
             Was a High Priest of Lugonu.
             Hit by a large rock thrown by a stone giant (21 damage)
             ... in a volcano.
             The game lasted 00:18:36 (13474 turns).

Gargoyl the Fighter (Gnoll Abyssal Knight)         Turns: 13474, Time: 00:18:37

Health: -2/97      AC: 39    Str: 18    XL:     12   Next: 61%
Magic:  19/23      EV:  7    Int: 18    God:    Lugonu [*****.]
Gold:   1001       SH:  0    Dex: 26    Spells: 25/25 levels left

rFire    + . .     SeeInvis .   r - +3 war axe (flame)
rCold    + . .     Faith    .   (no shield)
rNeg     . . .     Spirit   .   H - +9 scales of the Dragon King {rPois rF+ rC+ MR+}
rPois    +         Reflect  .   g - +2 helmet
rElec    .         Harm     .   p - +2 cloak
rCorr    .                      j - +2 pair of gloves {Dex+3}
MR       +....                  M - +2 pair of boots
Stlth    ..........             A - amulet of regeneration
HPRegen  0.66/turn              c - +4 ring of slaying
MPRegen  0.18/turn              e - +6 ring of dexterity

@: studying Polearms
A: distributed training, fangs 1, agile 1, clever 1, strong nose
a: Depart the Abyss, Bend Space, Banish, Corrupt, Enter the Abyss, Renounce
Religion


You were in a volcano.
You worshipped Lugonu.
Lugonu was extremely pleased with you.
You visited 2 branches of the dungeon, and saw 13 of its levels.
You visited the Abyss 1 time.
You also visited: Sewer, Ossuary, Bailey and Volcano.

You collected 1001 gold pieces.

Inventory:

Hand Weapons
 a - a +1 hand axe
 r - a +3 war axe of flaming (weapon)
 w - a +2 long sword of holy wrath
Missiles
 F - 12 boomerangs (quivered)
Armour
 g - a +2 helmet (worn)
 j - a +2 pair of gloves of dexterity (worn)
 p - a +2 cloak (worn)
 H - the +9 scales of the Dragon King (worn) {rPois rF+ rC+ MR+}
   (You found it on level 9 of the Dungeon)

   It protects you from fire.
   It protects you from cold.
   It protects you from poison.
   It affects your resistance to hostile enchantments.
 M - a +2 pair of boots (worn)
Jewellery
 c - a +4 ring of slaying (left hand)
 e - a +6 ring of dexterity (right hand)
 A - an amulet of regeneration (around neck)
 J - a +6 ring of intelligence
 L - an uncursed ring of positive energy
 N - an uncursed ring of protection from magic {unknown}
 R - an uncursed ring of wizardry {unknown}
Wands
 h - a wand of polymorph (34)
 y - a wand of flame (33)
 I - a wand of enslavement (6)
 O - a wand of digging (4)
 P - a wand of acid (8)
 Q - a wand of paralysis (6)
Scrolls
 b - 11 scrolls of teleportation
 d - 2 scrolls of blinking
 f - a scroll of holy word
 i - a scroll of identify
 q - 7 scrolls of remove curse
 u - 2 scrolls of fog
 z - 4 scrolls of fear
 D - 2 scrolls of enchant armour
Potions
 k - a potion of heal wounds
 l - 3 potions of stabbing
 m - a potion of lignification
 n - 3 potions of mutation
 o - 3 potions of magic
 s - 6 potions of flight
 t - 6 potions of curing
 x - a potion of invisibility
 C - 2 potions of resistance
 E - a potion of might
 K - a potion of ambrosia
Books
 v - a manual of Polearms


   Skills:
 + Level 9.9 Fighting
 + Level 7.4 Short Blades
 + Level 7.4 Long Blades
 + Level 8.8 Axes
 + Level 7.4 Maces & Flails
 + Level 9.9 Polearms
 + Level 7.4 Staves
 + Level 7.4 Slings
 + Level 7.4 Bows
 + Level 7.4 Crossbows
 + Level 7.4 Throwing
 + Level 8.8 Armour
 + Level 7.9 Dodging
 + Level 7.4 Stealth
 + Level 7.4 Shields
 + Level 7.4 Unarmed Combat
 + Level 7.4 Spellcasting
 + Level 6.2 Conjurations
 + Level 6.2 Hexes
 + Level 6.2 Summonings
 + Level 6.2 Necromancy
 + Level 6.2 Translocations
 + Level 6.2 Transmutations
 + Level 6.2 Fire Magic
 + Level 6.2 Ice Magic
 + Level 6.2 Air Magic
 + Level 6.2 Earth Magic
 + Level 6.2 Poison Magic
 + Level 9.4 Invocations
 + Level 7.4 Evocations


You had 25 spell levels left.
You didn't know any spells.
Your spell library contained the following spells:

 Spells                   Type           Power        Failure   Level
 Beastly Appendage        Tmut           ####..       83%         1
 Corona                   Hex            ####...      83%         1
 Foxfire                  Conj/Fire      ####         83%         1
 Magic Dart               Conj           ####         83%         1
 Blink                    Tloc           N/A          92%         2
 Call Imp                 Summ           ####....     92%         2
 Ensorcelled Hibernation  Hex/Ice        ####..       92%         2
 Searing Ray              Conj           ####..       92%         2
 Slow                     Hex            ####....     92%         2
 Wereblood                Tmut           ####....     92%         2
 Conjure Flame            Conj/Fire      ####....     99%         3
 Dazzling Flash           Conj/Hex       ####..       99%         3
 Inner Flame              Hex/Fire       ####....     99%         3
 Mephitic Cloud           Conj/Pois/Air  ####....     99%         3
 Portal Projectile        Hex/Tloc       ####..       99%         3
 Spider Form              Tmut/Pois      ####......   99%         3
 Cause Fear               Hex            ####......   100%        4
 Fulminant Prism          Conj/Hex       ####......   100%        4
 Ice Form                 Ice/Tmut       ####....     100%        4
 Iskenderun's Mystic Bla  Conj/Tloc      ####....     100%        4
 Leda's Liquefaction      Hex/Erth       ####......   100%        4
 Sticky Flame             Conj/Fire      ####....     100%        4
 Blade Hands              Tmut           ####......   100%        5
 Fireball                 Conj/Fire      ####......   100%        5
 Metabolic Englaciation   Hex/Ice        ####......   100%        5
 Summon Demon             Summ           ####......   100%        5
 Summon Mana Viper        Hex/Summ       ####....     100%        5


Dungeon Overview and Level Annotations

Branches:
Dungeon (11/15)            Temple (0/1) D:4            Lair (2/6) D:9
  Swamp (0/4) Lair:2          Orc (0/2) D:9           Sewer (visited)
Ossuary (visited)          Bailey (visited)         Volcano (1/1)
  Snake: Lair:2-4    Spider: Lair:2-4

Altars:
Ashenzari
Cheibriados
Wu Jian
Xom
Yredelemnul
The Shining One

Shops:
D:7 (


Innate Abilities, Weirdness & Mutations

Your experience applies equally to all skills.
You have very sharp teeth.
Your uncanny sense of smell can sniff out nearby items.
You are agile. (Dex +2)
Your mind is acute. (Int +2)


Message History

The stone giant hits you but does no damage.
Unknown command.
You feel much better. The stone giant hits you!
* * * LOW HITPOINT WARNING * * *
Unknown command.
You feel much better. The efreet hits you but does no damage.
The stone giant hits you!!
Press: ? - help, Shift-Dir - straight line, f - stone giant
Aim: a stone giant, quivering 6 large rocks (lightly wounded, chance to defeat MR: 39%)
The stone giant resists with some effort.
The efreet gestures at you.
The bolt of fire hits you but does no damage.
The stone giant hits you but does no damage.
The stone giant hits you!
* * * LOW HITPOINT WARNING * * *
The efreet gestures at you. The bolt of fire hits you. You resist.
* * * LOW HITPOINT WARNING * * *
The stone giant throws a large rock.
The large rock hits you!!
You die...

###### ∆∆[..?## ∆
∆..9(# ∆∆∆ .E.# ###C☼#
##### #####@.R#
###.... #☼☼☼☼####
####....§≈
####☼≈≈≈#####8......≈≈
#≈≈☼☼####.'.....§.§≈≈≈
####☼≈°°#.###8...§§§§≈
#○○☼☼####.# ###..§§§§≈
####☼≈○○#.# #...§§§≈
#☼☼☼☼####.# ...≈≈§§≈
####.≈☼☼#.# ..≈≈§≈§≈≈


You could see a stone giant and an efreet.

Vanquished Creatures
  A two-headed ogre (D:9)
  Erica (D:10)
  An obsidian statue (Volcano)
  A lindwurm (D:9)
  A black mamba (Lair:1)
  7 komodo dragons
  A troll (D:11)
  A hornet (D:9)
  2 bog bodies (Lair:2)
  3 hippogriffs
  5 blink frogs (Lair:1)
  Grinder (D:5)
  A shadow (D:11)
  2 wraiths (Ossuary)
  A wyvern (D:11)
  8 yaks
  4 fire bats (Volcano)
  Menkaure (D:4)
  A warg (D:9)
  3 water moccasins
  4 porcupines
  4 sky beasts
  A black bear (D:9)
  8 orc warriors
  Purgy (Sewer)
  An ice beast (D:7)
  7 ogres
  3 phantoms
  An eye of draining (D:10)
  A centaur (D:5)
  2 crocodiles
  A big kobold (D:7)
  An elf zombie (D:4)
  7 bullfrogs
  An elf skeleton (D:4)
  8 gnoll sergeants (Bailey)
  A wyvern zombie (D:9)
  6 scorpions
  19 killer bees
  9 wights
  2 howler monkeys
  2 bullfrog zombies
  3 lava snakes (Volcano)
  A quasit (D:4)
  8 orc priests
  2 centaur skeletons
  A jelly (D:10)
  7 gnoll shamans
  7 hounds
  7 orc wizards
  Ijyb (D:3)
  2 bullfrog skeletons
  2 human skeletons (D:4)
  10 iguanas
  3 worker ants
  A killer bee zombie (D:7)
  25 gnolls
  7 adders
  2 river rats (D:4)
  A shadow imp (D:9)
  2 white imps
  4 oozes
  3 adder zombies
  2 adder skeletons
  5 leopard geckos
  42 orcs
  2 ball pythons (D:4)
  8 bats
  11 giant cockroaches
  8 hobgoblins
  11 jackals
  5 quokkas
  2 ball python skeletons (Ossuary)
  5 frilled lizards
  5 goblins
  A hobgoblin skeleton (Ossuary)
  3 hobgoblin zombies (Ossuary)
  17 kobolds
  A kobold zombie (Ossuary)
  3 orc skeletons
  11 rats
377 creatures vanquished.

Vanquished Creatures (others)
  9 fungi
  10 plants
19 creatures vanquished.

Grand Total: 396 creatures vanquished

Notes
Turn   | Place    | Note
-------+----------+-------------------------------------------
     0 | Abyss:1  | Gargoyl the Gnoll Abyssal Knight began the quest for the
                  | Orb.
     0 | Abyss:1  | Reached XP level 1. HP: 23/23 MP: 3/3
    85 | Abyss:1  | Noticed a thrashing horror
    90 | D:1      | Escaped the Abyss
   313 | D:1      | Reached * piety under Lugonu
   356 | D:1      | Reached XP level 2. HP: 18/29 MP: 5/5
   721 | D:1      | Reached XP level 3. HP: 35/35 MP: 6/6
  1401 | D:2      | Reached skill level 1 in Short Blades
  1401 | D:2      | Reached skill level 1 in Long Blades
  1401 | D:2      | Reached skill level 1 in Maces & Flails
  1401 | D:2      | Reached skill level 1 in Polearms
  1401 | D:2      | Reached skill level 1 in Staves
  1401 | D:2      | Reached skill level 1 in Slings
  1401 | D:2      | Reached skill level 1 in Bows
  1401 | D:2      | Reached skill level 1 in Crossbows
  1401 | D:2      | Reached skill level 1 in Throwing
  1401 | D:2      | Reached skill level 1 in Stealth
  1401 | D:2      | Reached skill level 1 in Shields
  1401 | D:2      | Reached skill level 1 in Unarmed Combat
  1401 | D:2      | Reached skill level 1 in Spellcasting
  1401 | D:2      | Reached skill level 1 in Evocations
  1407 | D:2      | Reached XP level 4. HP: 41/41 MP: 7/7
  1765 | D:3      | Reached ** piety under Lugonu
  1908 | D:3      | Reached skill level 1 in Conjurations
  1908 | D:3      | Reached skill level 1 in Hexes
  1908 | D:3      | Reached skill level 1 in Summonings
  1908 | D:3      | Reached skill level 1 in Necromancy
  1908 | D:3      | Reached skill level 1 in Translocations
  1908 | D:3      | Reached skill level 1 in Transmutations
  1908 | D:3      | Reached skill level 1 in Fire Magic
  1908 | D:3      | Reached skill level 1 in Ice Magic
  1908 | D:3      | Reached skill level 1 in Air Magic
  1908 | D:3      | Reached skill level 1 in Earth Magic
  1908 | D:3      | Reached skill level 1 in Poison Magic
  2017 | D:3      | Reached XP level 5. HP: 14/47 MP: 8/8
  2020 | D:3      | Gained mutation: You have large cloven feet. [potion of
                  | mutation]
  2020 | D:3      | Lost mutation: You have large cloven feet. [potion of
                  | mutation]
  2020 | D:3      | Gained mutation: You are agile. (Dex +2) [potion of
                  | mutation]
  2020 | D:3      | Gained mutation: Your mind is acute. (Int +2) [potion of
                  | mutation]
  2452 | D:3      | Found a shattered altar of Ashenzari.
  2452 | D:3      | Noticed Ijyb
  2464 | D:3      | Killed Ijyb
  2625 | D:4      | Reached skill level 5 in Invocations
  2625 | D:4      | Reached XP level 6. HP: 39/53 MP: 9/9
  2731 | D:4      | Found a glowing drain.
  2766 | D:4      | Reached skill level 5 in Axes
  2766 | D:4      | Reached skill level 5 in Armour
  2775 | Sewer    | Entered a sewer
  2971 | Sewer    | Noticed Purgy
  2988 | Sewer    | Killed Purgy
  3126 | D:4      | Reached *** piety under Lugonu
  3255 | D:4      | Reached XP level 7. HP: 49/59 MP: 10/10
  3335 | D:4      | Found a sand-covered staircase.
  3348 | Ossuary  | Entered an ossuary
  3655 | Ossuary  | Noticed a wraith
  3655 | Ossuary  | Noticed a flying skull
  3662 | Ossuary  | Noticed a flying skull
  3673 | Ossuary  | Noticed a flying skull
  3677 | Ossuary  | Noticed a flying skull
  3690 | Ossuary  | Noticed a flying skull
  3740 | Ossuary  | Noticed a wraith
  3764 | Ossuary  | Killed a wraith
  3764 | Ossuary  | Reached XP level 8. HP: 22/67 MP: 12/12
  3973 | Ossuary  | Noticed a wraith
  3993 | Ossuary  | Killed a wraith
  4297 | D:4      | Noticed Menkaure
  4308 | D:4      | Killed Menkaure
  4581 | D:4      | Found a staircase to the Ecumenical Temple.
  4598 | D:4      | Reached **** piety under Lugonu
  4896 | D:5      | Entered Level 5 of the Dungeon
  4929 | D:5      | Found a snail-covered altar of Cheibriados.
  4929 | D:5      | Found a glowing golden altar of the Shining One.
  5000 | D:5      | You fall into a shaft and drop 3 floors!
  5001 | D:8      | Found a flagged portal.
  5040 | Bailey   | Entered a bailey
  5056 | Bailey   | Reached XP level 9. HP: 54/72 MP: 14/14
  5644 | Bailey   | Got a bloodstained crystal plate armour
  5657 | Bailey   | Identified the cursed +1 crystal plate armour "Awysemit"
                  | {Str+6} (You found it in a bailey)
  5994 | Bailey   | Reached skill level 5 in Dodging
  6006 | Bailey   | Reached skill level 5 in Polearms
  6418 | D:8      | Found an ornate altar of the Wu Jian Council.
  7074 | D:5      | You fall into a shaft and drop 1 floor!
  7083 | D:6      | Reached XP level 10. HP: 17/80 MP: 17/17
  7591 | D:5      | Noticed Grinder
  7596 | D:5      | Killed Grinder
  7629 | D:5      | Reached skill level 5 in Short Blades
  7629 | D:5      | Reached skill level 5 in Long Blades
  7629 | D:5      | Reached skill level 5 in Maces & Flails
  7629 | D:5      | Reached skill level 5 in Staves
  7629 | D:5      | Reached skill level 5 in Slings
  7629 | D:5      | Reached skill level 5 in Bows
  7629 | D:5      | Reached skill level 5 in Crossbows
  7629 | D:5      | Reached skill level 5 in Throwing
  7629 | D:5      | Reached skill level 5 in Stealth
  7629 | D:5      | Reached skill level 5 in Shields
  7629 | D:5      | Reached skill level 5 in Unarmed Combat
  7629 | D:5      | Reached skill level 5 in Spellcasting
  7629 | D:5      | Reached skill level 5 in Evocations
  7927 | D:6      | Found a basalt altar of Yredelemnul.
  7929 | D:6      | Got a polished ring mail
  8207 | D:7      | Identified the +3 ring mail "Suis" {MR+ Str+6 Stlth+} (You
                  | found it on level 6 of the Dungeon)
  8357 | D:7      | Reached ***** piety under Lugonu
  8849 | D:7      | Found Liph's Weapon Shop.
  9547 | D:9      | Paralysed by a hornet for 2 turns
  9725 | D:9      | Noticed a two-headed ogre
  9737 | D:9      | Killed a two-headed ogre
  9820 | D:9      | Reached XP level 11. HP: 81/87 MP: 19/19
 10027 | D:9      | Found a staircase to the Lair.
 10055 | D:9      | Found a staircase to the Orcish Mines.
 10202 | D:9      | Noticed a lindwurm
 10203 | D:9      | Noticed a lindwurm
 10204 | D:9      | Paralysed by a hornet for 1 turns
 10204 | D:9      | Noticed a lindwurm
 10204 | D:9      | Noticed a lindwurm
 10276 | D:9      | Banished a lindwurm
 10276 | D:9      | Reached skill level 5 in Conjurations
 10276 | D:9      | Reached skill level 5 in Hexes
 10276 | D:9      | Reached skill level 5 in Summonings
 10276 | D:9      | Reached skill level 5 in Necromancy
 10276 | D:9      | Reached skill level 5 in Translocations
 10276 | D:9      | Reached skill level 5 in Transmutations
 10276 | D:9      | Reached skill level 5 in Fire Magic
 10276 | D:9      | Reached skill level 5 in Ice Magic
 10276 | D:9      | Reached skill level 5 in Air Magic
 10276 | D:9      | Reached skill level 5 in Earth Magic
 10276 | D:9      | Reached skill level 5 in Poison Magic
 10382 | D:9      | Banished a lindwurm
 10383 | D:9      | Banished a lindwurm
 10398 | D:9      | Killed a lindwurm
 10400 | D:9      | Found the +9 scales of the Dragon King {rPois rF+ rC+ MR+}
 10744 | D:10     | Entered Level 10 of the Dungeon
 10757 | D:10     | Noticed Erica
 10765 | D:10     | Killed Erica
 10892 | D:10     | Found a shimmering altar of Xom.
 12156 | Lair:1   | Entered Level 1 of the Lair of Beasts
 12169 | Lair:1   | Reached XP level 12. HP: 79/96 MP: 22/22
 12573 | Lair:1   | Identified the Papyrus of the Fetching Escort
 13134 | Lair:2   | Found a staircase to the Swamp.
 13335 | Lair:2   | Found a dark tunnel.
 13340 | Volcano  | Entered a volcano
 13455 | Volcano  | Noticed a soul eater
 13457 | Volcano  | Noticed a soul eater
 13457 | Volcano  | Noticed a stone giant
 13474 | Volcano  | Hit by a large rock thrown by a stone giant

Illustrated notes

Levels and vault maps discovered:
D:1:      onia_arrival_mini_maze, layout_basic, serial_forest,
          infiniplex_forest_clump_C, infiniplex_forest_lined_ring,
          infiniplex_forest_lined_corner, infiniplex_forest_straight_1,
          infiniplex_forest_join, infiniplex_forest_fountain, minmay_domino_4
D:2:      layout_basic
D:3:      layout_loops_ring, ashenzari_altar_1, uniq_ijyb
D:4:      layout_rooms, nicolae_overflow_hidden_temple,
          minmay_temple_entry_ruins, nicolae_ossuary_entry_catacombs,
          serial_glass, glass_columns_a, glass_columns_c, portal_sewer_entry_a,
          minmay_manual_monstrance, uniq_menkaure
D:5:      layout_rooms, minitemple, minmay_fractal_squares_5, uniq_grinder
D:6:      layout_cave_pools, lemuel_round_altar
D:7:      layout_loops_ring, serial_shops, kennysheep_mini
D:8:      layout_basic, overflow_temple_1_default, enter_bailey_1
D:9:      layout_cave_pools, grunt_lair_entry_orc_guard_hut, david_orc_3,
          minmay_lindwurm_lava
D:10:     layout_cave_pools, basic_altar, uniq_erica
D:11:     layout_cross
Lair:1:   beast_lair_carwin_large_3, layout_regular_city
Lair:2:   layout_cave_pods, skrybe_swamp_entry_bodies, enter_volcano_4,
          infiniplex_staircase_pool_2
Volcano:  volcano_grotto [vgs_trial_by_fire]

Skill      XL: |  1  2  3  4  5  6  7  8  9 10 11 12 |
---------------+-------------------------------------+-----
Short Blades   | 1 2 3 4 5 6 7 |  7.4
Long Blades    | 1 2 3 4 5 6 7 |  7.4
Maces & Flails | 1 2 3 4 5 6 7 |  7.4
Polearms       | 1 2 4 5 7 9 |  9.9
Staves         | 1 2 3 4 5 6 7 |  7.4
Slings         | 1 2 3 4 5 6 7 |  7.4
Bows           | 1 2 3 4 5 6 7 |  7.4
Crossbows      | 1 2 3 4 5 6 7 |  7.4
Throwing       | 1 2 3 4 5 6 7 |  7.4
Stealth        | 1 2 3 4 5 6 7 |  7.4
Shields        | 1 2 3 4 5 6 7 |  7.4
Unarmed Combat | 1 2 3 4 5 6 7 |  7.4
Spellcasting   | 1 2 3 4 5 6 7 |  7.4
Evocations     | 1 2 3 4 5 6 7 |  7.4
Conjurations   | 1 2 3 4 5 6 |  6.2
Hexes          | 1 2 3 4 5 6 |  6.2
Summonings     | 1 2 3 4 5 6 |  6.2
Necromancy     | 1 2 3 4 5 6 |  6.2
Translocations | 1 2 3 4 5 6 |  6.2
Transmutations | 1 2 3 4 5 6 |  6.2
Fire Magic     | 1 2 3 4 5 6 |  6.2
Ice Magic      | 1 2 3 4 5 6 |  6.2
Air Magic      | 1 2 3 4 5 6 |  6.2
Earth Magic    | 1 2 3 4 5 6 |  6.2
Poison Magic   | 1 2 3 4 5 6 |  6.2
Dodging        | 3 4 5 6 7 |  7.9
Invocations    | 5 6 7 8 9 |  9.4
Axes           | 5 6 7 8 |  8.8
Armour         | 5 6 7 8 |  8.8
Fighting       | 7 8 9 |  9.9

Action                   |  1- 3 |  4- 6 |  7- 9 | 10-12 || total
-------------------------+-------+-------+-------+-------++-------
Melee: Hand axe          |    59 |   162 |   290 |       ||   511
       Bite              |     6 |    13 |    85 |    88 ||   192
       Punch             |       |       |    10 |    29 ||    39
       War axe           |       |       |    53 |   481 ||   534
Invok: Depart the Abyss  |     1 |       |       |       ||     1
       Banish            |       |       |       |     5 ||     5
       Bend Space        |       |       |       |     1 ||     1
  Use: Scroll            |       |    13 |     5 |    21 ||    39
       Potion            |       |     5 |     4 |     3 ||    12
 Stab: Sleeping          |     1 |       |       |       ||     1
       Invisible         |       |       |    13 |       ||    13
Armor: Leather armour    |     5 |       |       |       ||     5
       Plate armour      |    35 |   179 |   243 |       ||   457
       Crystal plate arm |       |       |   104 |   220 ||   324
       Gold dragon scale |       |       |       |   398 ||   398
Dodge: Dodged            |    26 |    78 |   238 |   235 ||   577

Table legend: (Time is in decaauts)
 A = Elapsed time spent in this place.
 B = Non-inter-level travel time spent in this place.
 C = Inter-level travel time spent in this place.
 D = Time resting spent in this place.
 E = Time spent auto-exploring this place.
 F = Levels seen in this place.
 G = Mean time per level.
                   A        B        C        D        E       F      G
               +--------+--------+--------+--------+--------+-----+--------+
         Total |  13632 |  13231 |    401 |   3137 |   6894 |  18 |  757.3 |
       Dungeon |   9620 |   9235 |    385 |   1404 |   5641 |  11 |  874.5 |
          Lair |   1213 |   1198 |     15 |    358 |    519 |   2 |  606.5 |
         Abyss |     89 |     89 |      0 |      0 |     84 |   1 |   89.0 |
         Sewer |    346 |    346 |      0 |    119 |    150 |   1 |  346.0 |
       Ossuary |    887 |    887 |      0 |    533 |    122 |   1 |  887.0 |
        Bailey |   1338 |   1338 |      0 |    723 |    349 |   1 | 1338.0 |
       Volcano |    136 |    136 |      0 |      0 |     29 |   1 |  136.0 |
               +--------+--------+--------+--------+--------+-----+--------+

Top non-repeatable levels by time:
  Bailey: 1338 daAuts
     D:1: 1307 daAuts
     D:9: 1292 daAuts
     D:4: 1111 daAuts
  Lair:1: 981 daAuts
     D:8: 902 daAuts
 Ossuary: 887 daAuts
     D:3: 869 daAuts
     D:7: 807 daAuts
     D:5: 791 daAuts
     D:6: 784 daAuts
    D:10: 751 daAuts
    D:11: 647 daAuts
     D:2: 356 daAuts
   Sewer: 346 daAuts
